 Dungeon Crawl Stone Soup version 0.32-a0-558-g233958a4c4 (webtiles) character file.

Game seed: 15200388813635692901

19236 Denfromweb the Skirmisher (level 12, -1/106 HPs)
             Began as a Demigod Hunter on Feb 29, 2024.
             Slain by a death yak simulacrum (45 damage)
             ... on level 13 of the Dungeon.
             The game lasted 00:16:27 (12753 turns).

Denfromweb the Skirmisher (Demigod Hunter)         Turns: 12753, Time: 00:16:28

Health: -1/106     AC:  7    Str: 16    XL:     12   Next: 7%
Magic:  15/15      EV: 31    Int:  7    God:
Gold:   477        SH:  0    Dex: 41    Spells: 11/11 levels left

rFire   . . .        g - +27 heavy crossbow "Sniper" {heavy, Acc+∞ SInv}
rCold   . . .        (shield currently unavailable)
rNeg    . . .        a - +2 leather armour {Will+}
rPois   .            (no helmet)
rElec   +            o - scarf {harm}
rCorr   .            i - +1 pair of gloves
SInv    +            (no boots)
Will    ++...        x - amulet of the Ageless Deaths {RegenMP RegenMP+ Str-2 Int-4 Dex+8 SInv}
Stlth   +++          f - +6 ring of strength
HPRegen 0.37/turn    B - +5 ring of evasion
MPRegen 0.54/turn

%: harm (+30% outgoing, +20% incoming)
@: no status effects
A: high MP 1, forlorn, divine attributes, see invisible, electricity resistance
a: no special abilities


You were on level 13 of the Dungeon.
You visited 1 branch of the dungeon, and saw 13 of its levels.

You collected 1087 gold pieces.
You spent 610 gold pieces at shops.

Inventory:

Hand Weapons
 g - the +27 heavy crossbow "Sniper" (weapon) {heavy, Acc+∞ SInv}
   (You acquired it on level 11 of the Dungeon)

   Acc+∞: It never misses its target.
   SInv:      It lets you see invisible.
Armour
 a - a +2 leather armour of willpower (worn)
 i - a +1 pair of gloves (worn)
 o - a scarf of harm (worn)
Jewellery
 f - a +6 ring of strength (left hand)
 x - the amulet of the Ageless Deaths (around neck) {RegenMP RegenMP+ Str-2 Int-4 Dex+8 SInv}
   (You acquired it on level 11 of the Dungeon)

   [amulet of magic regeneration]

   RegenMP:   It increases your rate of magic regeneration.
   Str-2:     It affects your strength (-2).
   Int-4:     It affects your intelligence (-4).
   Dex+8:     It affects your dexterity (+8).
   SInv:      It lets you see invisible.
   RegenMP+:  It increases your rate of magic regeneration.
 B - a +5 ring of evasion (right hand)
Wands
 v - a wand of iceblast (14)
 E - a wand of flame (17)
 G - a wand of light (1)
Scrolls
 b - 3 scrolls of enchant armour
 d - 4 scrolls of revelation
 h - a scroll of fog
 l - 2 scrolls of noise {unknown}
 m - 3 scrolls of fear
 n - 9 scrolls of teleportation {unknown}
 q - a scroll of summoning
 r - 5 scrolls of vulnerability {unknown}
 t - a scroll of silence
 y - 4 scrolls of amnesia
 C - a scroll of poison
Potions
 e - a potion of berserk rage {unknown}
 j - a potion of might {unknown}
 k - 3 potions of heal wounds {unknown}
 p - 2 potions of haste {unknown}
 s - 3 potions of mutation
 u - 2 potions of ambrosia
 w - a potion of enlightenment {unknown}
 z - a potion of attraction
 A - a potion of brilliance
 H - a potion of cancellation {unknown}
 I - a potion of resistance {unknown}
 J - 2 potions of lignification {unknown}
 L - 6 potions of curing


   Skills:
 - Level 10.0 Fighting
 + Level 13.6 Ranged Weapons
 - Level 10.0 Dodging
 - Level 0.8 Stealth


You had 11 spell levels left.
You didn't know any spells.
Your spell library contained the following spells:

 Spells                   Type           Power      Damage    Failure   Level
 Kiss of Death            Conj/Necr      0%         2d5       50%         1
 Ensorcelled Hibernation  Hex/Ice        0%         N/A       65%         2
 Confusing Touch          Hex            0%         N/A       86%         3
 Dazzling Flash           Conj/Hex       0%         N/A       86%         3
 Passwall                 Erth           0%         N/A       86%         3
 Swiftness                Air            0%         N/A       86%         3
 Volatile Blastmotes      Fire/Tloc      0%         2d10      86%         3
 Animate Dead             Necr           0%         N/A       99%         4
 Cause Fear               Hex            0%         N/A       99%         4
 Dispel Undead            Necr           0%         3d6       99%         4
 Leda's Liquefaction      Alch/Erth      0%         N/A       99%         4
 Fireball                 Conj/Fire      0%         3d3       100%        5
 Lee's Rapid Deconstruct  Erth           0%         3d4*      100%        5
 Bombard                  Conj/Erth      0%         9d1       100%        6
 Starburst                Conj/Fire      0%         6d3       100%        6
 Haunt                    Necr/Summ      0%         N/A       100%        7
 Infestation              Necr           0%         N/A       100%        8
 Maxwell's Capacitive Co  Air            0%         ∞         100%        8
 Dragon's Call            Summ           0%         N/A       100%        9


Dungeon Overview and Level Annotations

Branches:
Dungeon (13/15)            Temple (0/1) D:6            Lair (0/5) D:10
    Orc (0/2) D:10
 Vaults: D:13-14

Shops:
D:1 *   D:4 *   D:5 !

Portals:
Ice
Cave: D:13

Annotations:
D:3 1 runed translucent door, TheLasagnaBaron's ghost, amateur OnBe
D:9 2 transporters, exclusion: orange crystal statue, Amaemon


Innate Abilities, Weirdness & Mutations

You have an increased reservoir of magic. (+10% MP)
You shall have no god before yourself.
Your divine heritage dramatically boosts your attributes as you level up.
You have supernaturally acute eyesight. (SInv)
You are resistant to electric shocks. (rElec)


Message History

Your laughing skull completely misses the spriggan simulacrum.
Your laughing skull headbutts the death yak simulacrum but does no damage.
Fire: g) +27 heavy crossbow "Sniper" {heavy, Acc+∞ SInv}
Press: ? - help, Q - select action, (/) - cycle Shift-Dir - straight line, f - cane toad simulacrum
Aim: a cane toad simulacrum (lightly damaged, 100% to hit)
You shoot a bolt. The bolt hits the cane toad simulacrum!
The cane toad simulacrum is severely damaged.
The cane toad simulacrum completely misses you.
The cane toad simulacrum misses you. The wolf simulacrum misses you.
The cane toad simulacrum completely misses you. x2
The wolf simulacrum attacks as it pursues you!
The wolf simulacrum completely misses you.
Something completely misses your laughing skull.
Something closely misses your laughing skull.
Your laughing skull headbutts the cane toad simulacrum!
The cane toad simulacrum vaporises!
The wolf simulacrum completely misses you.
Found a stone staircase leading down.
Your laughing skull dissolves into shadows!
The wolf simulacrum attacks as it pursues you!
The wolf simulacrum completely misses you.
There is an escape hatch in the ceiling here.
You shoot a bolt. The bolt hits the wolf simulacrum!!!
The wolf simulacrum vaporises!
The spriggan simulacrum misses you.
The cane toad simulacrum completely misses you.
The spriggan simulacrum closely misses you.
The cane toad simulacrum misses you.
Unknown command.
You shoot a bolt.
The bolt hits the cane toad simulacrum!!!!
The cane toad simulacrum vaporises!
The spriggan simulacrum completely misses you.
The spriggan simulacrum misses you.
Unknown command.
You shoot a bolt. The bolt hits the two-headed ogre!!!
You kill the two-headed ogre!
The spriggan simulacrum misses you. The death yak simulacrum gores you!
The death yak simulacrum freezes you!!!
You die...

...#...............
....#..$.............
.....................
..[.................
....................
.................#
........†........#
.........#..ZZ).#..
...$...<.#.##@..#
?∩....○O#....####
...............
.......###.....
###.#.. #..... #.#..
....... # #.. .......
....##>..


You could see a death yak simulacrum and a spriggan simulacrum.

Vanquished Creatures
  Harold (D:9)
  A hydra (D:13)
  4 two-headed ogres
  A boulder beetle (D:12)
  Sonja (D:10)
  Lodul (D:10)
  Pikel (D:9)
  A deep elf pyromancer (D:12)
  2 ugly things
  A manticore (D:11)
  2 cyclopes (D:12)
  An orange demon (D:9)
  3 gargoyles
  2 kobold demonologists (D:11)
  A yaktaur (D:12)
  A komodo dragon (D:10)
  3 trolls
  2 wraiths
  A slime creature (D:12)
  A yak (shapeshifter) (D:13)
  18 yaks
  A vampire (D:9)
  2 acid dragons (D:12)
  2 water moccasins (D:7)
  3 ice beasts
  2 sky beasts (D:6)
  Duvessa (D:5)
  2 orc warriors
  2 black bears
  A laughing skull (D:13)
  6 centaurs
  11 ogres
  4 lemures (D:9)
  2 phantoms
  5 kobold brigands
  3 bullfrogs
  A scorpion (D:7)
  A cane toad simulacrum (D:13)
  5 wights
  Dowan (D:5)
  5 killer bees (D:8)
  2 howler monkeys
  A hound (D:5)
  5 orc priests
  2 bombardier beetles
  A gnoll bouda (D:8)
  4 sleepcaps
  4 iguanas
  12 orc wizards
  A wolf simulacrum (D:13)
  6 gnolls
  5 adders
  3 white imps (D:6)
  2 ufetubi (D:6)
  2 dart slugs
  38 orcs
  3 bats
  7 endoplasms
  5 giant cockroaches
  3 goblins
  A hobgoblin (D:4)
  6 jackals
  A quokka (D:2)
  3 ball pythons
  5 frilled lizards
  25 kobolds
  2 rats
258 creatures vanquished.

Vanquished Creatures (collateral kills)
  A troll (D:13)
  A death yak simulacrum (D:13)
  A cane toad simulacrum (D:13)
  A naga simulacrum (D:13)
4 creatures vanquished.

Grand Total: 262 creatures vanquished

Notes
Turn   | Place    | Note
-------+----------+-------------------------------------------
     0 | D:1      | Denfromweb the Demigod Hunter began the quest for the Orb.
     0 | D:1      | Reached XP level 1. HP: 17/17 MP: 3/3
   244 | D:1      | Reached skill level 4 in Ranged Weapons
   335 | D:1      | Found Enoaw's Assorted Antiques.
   343 | D:1      | Reached XP level 2. HP: 21/24 MP: 4/4
   496 | D:1      | Reached XP level 3. HP: 29/29 MP: 5/5
   952 | D:2      | Reached skill level 5 in Ranged Weapons
  1819 | D:3      | Found a runed translucent door.
  1830 | D:2      | Reached XP level 4. HP: 10/36 MP: 6/6
  2026 | D:3      | Noticed TheLasagnaBaron's ghost (amateur OnBe)
  2407 | D:3      | Reached skill level 6 in Ranged Weapons
  2407 | D:3      | Reached XP level 5. HP: 37/41 MP: 7/7
  2979 | D:4      | Found Mutikhog's Assorted Antiques.
  2987 | D:4      | Noticed a +0 hand axe
  2988 | D:4      | Noticed a +0 hand axe
  3501 | D:4      | Bought a scroll labelled UGU EDWAODERAC for 28 gold pieces
  3501 | D:4      | Bought a scroll labelled ULOANECRYG for 28 gold pieces
  3501 | D:4      | Bought a scroll labelled UGU EDWAODERAC for 28 gold pieces
  3501 | D:4      | Bought a scroll labelled BIUCUO WARINI for 28 gold pieces
  3515 | D:5      | Entered Level 5 of the Dungeon
  3536 | D:5      | Noticed an ice beast
  3552 | D:5      | Killed an ice beast
  3553 | D:5      | Reached skill level 7 in Ranged Weapons
  3553 | D:5      | Reached XP level 6. HP: 48/48 MP: 8/8
  4018 | D:5      | Found Goolocax's Distillery.
  4127 | D:5      | Reached skill level 8 in Ranged Weapons
  4285 | D:4      | Reached XP level 7. HP: 44/53 MP: 9/9
  4449 | D:5      | Noticed Duvessa
  4449 | D:5      | Noticed Dowan
  4670 | D:6      | Gained mutation: You are agile. (Dex +4, Str/Int -1)
                  | [potion of mutation]
  4670 | D:6      | Gained mutation: You are resistant to electric shocks.
                  | (rElec) [potion of mutation]
  4670 | D:6      | Lost mutation: You are agile. (Dex +4, Str/Int -1) [potion
                  | of mutation]
  4670 | D:6      | Gained mutation: You have supernaturally acute eyesight.
                  | (SInv) [potion of mutation]
  4932 | D:6      | Reached skill level 9 in Ranged Weapons
  5258 | D:6      | Found a staircase to the Ecumenical Temple.
  5330 | D:6      | Reached XP level 8. HP: 46/60 MP: 10/10
  5563 | D:5      | Reached skill level 10 in Ranged Weapons
  5773 | D:5      | Killed Duvessa
  5868 | D:5      | Killed Dowan
  6841 | D:7      | Reached skill level 5 in Fighting
  6841 | D:7      | Reached skill level 5 in Dodging
  6841 | D:7      | Reached XP level 9. HP: 74/74 MP: 11/11
  6963 | D:1      | Bought a twisted soapstone amulet for 140 gold pieces
  8039 | D:9      | Noticed a centaur warrior
  8040 | D:9      | Found a transporter.
  8040 | D:9      | Found a transporter.
  8040 | D:9      | Noticed an orange crystal statue
  8041 | D:9      | Noticed a deep troll
  8041 | D:9      | Noticed a purple ugly thing
  8046 | D:9      | Noticed a deep elf pyromancer
  8048 | D:9      | Noticed a manticore
  8133 | D:9      | Noticed Harold
  8154 | D:9      | Killed Harold
  8155 | D:9      | Reached XP level 10. HP: 50/86 MP: 13/13
  8329 | D:9      | Noticed a two-headed ogre
  8350 | D:9      | Noticed Amaemon
  8488 | D:9      | Killed a two-headed ogre
  8644 | D:9      | Noticed Pikel
  8685 | D:9      | Killed Pikel
  8887 | D:9      | Noticed a two-headed ogre
  8900 | D:9      | Killed a two-headed ogre
  9432 | D:10     | Entered Level 10 of the Dungeon
  9486 | D:10     | Found a staircase to the Orcish Mines.
  9688 | D:10     | Found a staircase to the Lair.
  9788 | D:10     | Noticed Lodul
  9830 | D:10     | Noticed Sonja
  9838 | D:10     | Killed Sonja
  9996 | D:10     | Noticed a two-headed ogre
 10003 | D:10     | Killed a two-headed ogre
 10061 | D:10     | Reached XP level 11. HP: 67/99 MP: 14/14
 10515 | D:10     | Found a staircase to the Orcish Mines.
 10615 | D:10     | Killed Lodul
 10616 | D:10     | Reached skill level 10 in Fighting
 10616 | D:10     | Reached skill level 10 in Dodging
 10677 | D:10     | Found a staircase to the Lair.
 11189 | D:1      | Bought a fuming red potion for 25 gold pieces
 11189 | D:1      | Bought a sedimented cyan potion for 25 gold pieces
 11189 | D:1      | Bought a ruby ring for 140 gold pieces
 11189 | D:1      | Bought a scroll labelled GITAHU ZOGOU for 28 gold pieces
 11189 | D:1      | Bought a potion of curing for 84 gold pieces
 11189 | D:1      | Bought a scroll of identify for 56 gold pieces
 11621 | D:11     | Noticed a sun demon
 11635 | D:12     | Noticed a boulder beetle
 11646 | D:12     | Killed a boulder beetle
 11647 | D:12     | Reached skill level 11 in Ranged Weapons
 11800 | D:12     | Noticed a deep elf pyromancer
 11801 | D:12     | Killed a deep elf pyromancer
 12078 | D:12     | Reached skill level 12 in Ranged Weapons
 12595 | D:11     | Noticed a sun demon
 12601 | D:11     | Reached skill level 13 in Ranged Weapons
 12622 | D:11     | Identified 2 scrolls of acquirement
 12623 | D:11     | Acquired the amulet of the Ageless Deaths {RegenMP RegenMP+
                  | Str-2 Int-4 Dex+8 SInv}
 12631 | D:11     | Acquired the +27 heavy crossbow "Sniper" {heavy, Acc+∞
                  | SInv}
 12631 | D:11     | Found the +27 heavy crossbow "Sniper" {heavy, Acc+∞ SInv}
 12675 | D:13     | Found a frozen archway.
 12706 | D:13     | Noticed a five-headed hydra
 12707 | D:13     | Killed a five-headed hydra
 12708 | D:13     | Noticed a tengu warrior
 12708 | D:13     | Noticed a tengu warrior
 12709 | D:13     | Noticed a rakshasa
 12713 | D:12     | Reached XP level 12. HP: 41/106 MP: 15/15
 12753 | D:13     | Slain by a death yak simulacrum

Illustrated notes

Levels and vault maps discovered:
D:1:      amcnicky_arrival_single_pillar, layout_loops_ring, serial_shops,
          nicolae_diamond_shop
D:2:      layout_basic, basic_altar, serial_curves, eino_curves_04,
          eino_curves_03, hellmonk_ecumenical_altar_crossroads
D:3:      layout_basic, kennysheep_okawaru_gauntlet, old_standard_altar,
          mainiacjoe_overflow_small_starburst, ebering_ghost_sewer_d,
          chequers_serial_rivers_micro_c
D:4:      layout_gridville, dancing_weapons_uskayaw, lemuel_tele_altar,
          serial_shops, shop
D:5:      layout_loops_ring, trog_book, lemuel_coloured_pillars_altar,
          nicolae_stop_n_shop_2, grunt_decor_one_mirror,
          serial_library_hellmonk_hallway_a, chequers_big_river, uniq_duvessa
D:6:      layout_rooms, kennysheep_mini, mainiacjoe_overflow_tiny_flanked,
          temple_fountains, minmay_misc_feat_four_crosses, hex_tiny
D:7:      layout_rooms, mainiacjoe_overflow_concentric_impassable,
          minmay_misc_feat_diagonals, minivault_22
D:8:      layout_cave_pods, kennysheep_little_box, serial_glass,
          glass_columns_a, glass_columns_b
D:9:      gammafunk_sealed_arena, layout_stronghold, jmf_multi_god_temple,
          uniq_harold, uniq_pikel, uniq_amaemon
D:10:     layout_irregular_city, nicolae_overflow_crystal_walls,
          david_lair_shrubbed, orc_0_dummy, uniq_lodul, uniq_sonja
D:11:     layout_long_grid
D:12:     layout_loops_cross, item_on_display_a
D:13:     layout_cave_pools, erik_vaults_2, portal_ice_cave_entry_ice_simulacra

Skill      XL: |  1  2  3  4  5  6  7  8  9 10 11 |
---------------+----------------------------------+-----
Ranged Weapons | 4 5 6 7 8 9 10 13 | 13.6
Fighting       | 5 7 9 10 | 10.0
Dodging        | 5 7 9 10 | 10.0
Stealth        | |  0.8

Action                     |  1- 3 |  4- 6 |  7- 9 | 10-12 || total
---------------------------+-------+-------+-------+-------++-------
   Fire: Shortbow          |   115 |   173 |   111 |       ||   399
         Orcbow            |       |       |   241 |   232 ||   473
         Arbalest          |       |       |       |    60 ||    60
         Heavy crossbow    |       |       |       |    11 ||    11
  Throw: Throwing net      |       |     1 |     2 |     5 ||     8
  Evoke: Wand              |       |       |       |     3 ||     3
    Use: Potion            |     1 |       |     3 |       ||     4
         Scroll            |       |     7 |     6 |     8 ||    21
 Armour: Leather armour    |    36 |    42 |    75 |    50 ||   203
  Dodge: Dodged            |    31 |    58 |   113 |   169 ||   371

Table legend: (Time is in decaauts)
 A = Elapsed time spent in this place.
 B = Non-inter-level travel time spent in this place.
 C = Inter-level travel time spent in this place.
 D = Time resting spent in this place.
 E = Time spent auto-exploring this place.
 F = Levels seen in this place.
 G = Mean time per level.
                   A        B        C        D        E       F      G
               +--------+--------+--------+--------+--------+-----+--------+
         Total |  12918 |  12016 |    902 |    169 |   9851 |  13 |  993.7 |
       Dungeon |  12918 |  12016 |    902 |    169 |   9851 |  13 |  993.7 |
               +--------+--------+--------+--------+--------+-----+--------+

Top non-repeatable levels by time:
     D:5: 1686 daAuts
    D:10: 1624 daAuts
     D:9: 1480 daAuts
     D:3: 1168 daAuts
     D:2: 1098 daAuts
     D:4: 999 daAuts
     D:8: 982 daAuts
     D:7: 814 daAuts
     D:6: 800 daAuts
     D:1: 791 daAuts
    D:12: 752 daAuts
    D:11: 685 daAuts
    D:13: 34 daAuts
